 Dungeon Crawl Stone Soup version 0.20-a0-261-gcb1eca7 (webtiles) character file.

1479 Goblin1989 the Grappler (level 8, 0/79 HPs)
             Began as a Troll Hunter on Dec 4, 2016.
             Was a Follower of Okawaru.
             Slain by a wight
             ... wielding a +2 hand axe of freezing
              (2 damage)
             ... on level 5 of the Dungeon.
             The game lasted 00:14:05 (4157 turns).

Goblin1989 the Grappler (Troll Hunter)              Turns: 4157, Time: 00:14:08

Health: 0/79       AC:  7    Str: 21    XL:     8   Next: 50%
Magic:  5/7        EV: 13    Int:  7    God:    Okawaru [*.....]
Gold:   133        SH:  0    Dex: 12    Spells: 7/7 levels left

rFire  . . .     SeeInvis .       - Unarmed
rCold  . . .     Gourm    +     b - +0 robe
rNeg   . . .     Faith    .     (no shield)
rPois  .         Spirit   .     (helmet restricted)
rElec  .         Reflect  .     l - +1 cloak
rCorr  .         Harm     .     (gloves unavailable)
MR     .....                    (boots unavailable)
Stlth  ++........               (no amulet)
                                (no ring)
                                (no ring)

@: heroism, heavily drained
A: unfitting armour, claws 3, fast metabolism 3, gourmand, regeneration 1,
shaggy fur 1, tough skin 2
a: Heroism, Renounce Religion


You were on level 5 of the Dungeon.
You worshipped Okawaru.
Okawaru was aware of your devotion.
You were completely stuffed.

You visited 2 branches of the dungeon, and saw 7 of its levels.
You also visited: Sewer.

You collected 133 gold pieces.

Inventory:

Missiles
 c - 5 large rocks (quivered) {!d}
 Z - 2 throwing nets {=f, !d}
Armour
 b - a +0 robe (worn)
 l - a +1 cloak (worn)
Scrolls
 g - 2 scrolls of fear
 m - a scroll of magic mapping {unknown}
 s - a scroll of immolation {!r}
 w - a scroll of amnesia
 x - a scroll of recharging
 y - a scroll of noise {unknown}
 A - 4 scrolls of remove curse {@r2}
 B - a scroll of blinking
 R - 4 scrolls of identify {@r1}
 T - a scroll of teleportation {!r, @r4}
Potions
 a - 2 potions of mutation {unknown}
 d - 5 potions of curing {unknown}
 f - a potion of cancellation
 h - a potion of invisibility {unknown}
 i - 2 potions of agility {unknown}
 j - a potion of magic {unknown}
 k - a potion of brilliance {unknown}
 n - a potion of might {unknown}
 q - a potion of ambrosia {unknown}
 t - a potion of lignification {unknown}
 u - 2 potions of heal wounds {unknown}
 v - 3 potions of degeneration {unknown}
Comestibles
 e - 4 bread rations {@e1}
 o - 2 slices of pizza
 p - 2 beef jerkies
 r - 3 meat rations {@e2}
 z - 3 chunks of flesh {@w0}


   Skills:
 + Level 4.3(6.8) Fighting
 - Level 3.6(6.1) Throwing
 + Level 4.1(6.6) Dodging
 - Level 0.3(3.1) Stealth
 * Level 8.0(10.3) Unarmed Combat


You had 7 spell levels left.
You didn't know any spells.

Dungeon Overview and Level Annotations

Branches:
Dungeon (6/15)             Temple (1/1) D:5

Altars:
Ashenzari
Dithmenos
Elyvilon
Fedhas
Hepliaklqana
Kikubaaqudgha
Makhleb
Okawaru
Ru
Trog
Xom

Annotations:
D:5 exclusion: Dowan, Dowan


Innate Abilities, Weirdness & Mutations

You are too large for most types of armour.
You have claws for hands.
Your metabolism is lightning-fast.
You like to eat raw meat.
Your natural rate of healing is unusually fast.
You are covered in fur. (AC +1)
You have very tough skin. (AC +2)


Message History

The wight hits you with a hand axe of freezing.
* * * LOW HITPOINT WARNING * * *
You feel drained. The wight freezes you.
* * * LOW HITPOINT WARNING * * *
You take 1 damage, and have 5/79 hp.
You gain the combat prowess of a mighty hero.
The wight barely misses you.
You now have 5/7 mp.
Unknown command.
You mangle the wight!!
You destroy the wight!
Okawaru accepts your kill. The wight misses you.
You claw the jackal!
You kill the jackal!
Okawaru accepts your kill.
The wight hits you with a hand axe of freezing.
* * * LOW HITPOINT WARNING * * *
You feel drained.
You die...

█...............█..............
█..............................
███████........................
█................██...........
█.................█.......†...
█................██...........
█............h..>██...........
████████......█z██.██...........
█)....<█......█@)...............
█..(((.█.)....████.█....███.....
█......█......█ █.█....█ █.....
█......((.....█ █.█....█ ██....
█............█████.█....████....
█...........)...................
██...............................
█...............................█
█...............................█


You could see a wight and a jackal.

Vanquished Creatures
  Grinder (D:4)
  Sigmund (D:4)
  An ogre (D:5)
  2 centaurs (D:5)
  3 big kobolds (Sewer)
  2 wights (D:5)
  2 hounds (D:4)
  An orc priest (D:5)
  A bullfrog skeleton (D:5)
  An iguana (D:4)
  An orc wizard (D:5)
  3 worker ants
  A worker ant zombie (D:5)
  Robin (D:2)
  2 river rats (Sewer)
  14 adders
  A shadow imp (D:5)
  6 oozes
  A worm (Sewer)
  4 dart slugs
  4 leopard geckos
  17 orcs
  A ball python (Sewer)
  6 giant cockroaches
  14 goblins
  14 hobgoblins
  9 jackals
  11 kobolds
  A quokka (D:4)
  7 bats
  A frilled lizard (D:4)
  17 rats
151 creatures vanquished.

Notes
Turn   | Place    | Note
-------+----------+-------------------------------------------
     0 | D:1      | Goblin1989 the Troll Hunter began the quest for the Orb.
     0 | D:1      | Reached XP level 1. HP: 19/19 MP: 0/0
    79 | D:1      | Reached skill level 1 in Unarmed Combat
    80 | D:1      | Reached XP level 2. HP: 24/27 MP: 1/1
   119 | D:1      | Reached skill level 2 in Unarmed Combat
   555 | D:1      | Reached XP level 3. HP: 33/33 MP: 2/2
   831 | D:2      | Reached skill level 3 in Unarmed Combat
   853 | D:2      | Noticed Robin
   888 | D:2      | Killed Robin
   902 | D:2      | Reached XP level 4. HP: 30/41 MP: 3/3
  1199 | D:2      | Reached skill level 4 in Unarmed Combat
  1692 | D:3      | Found a sacrificial altar of Ru.
  1828 | D:3      | Reached XP level 5. HP: 33/49 MP: 4/4
  2342 | D:4      | Noticed Grinder
  2361 | D:4      | Killed Grinder
  2361 | D:4      | Reached skill level 5 in Unarmed Combat
  2361 | D:4      | Reached XP level 6. HP: 20/59 MP: 5/5
  2467 | D:4      | Found a bloodstained altar of Trog.
  2839 | D:4      | Noticed Sigmund
  2852 | D:4      | Killed Sigmund
  2852 | D:4      | Reached skill level 6 in Unarmed Combat
  2852 | D:4      | Reached XP level 7. HP: 34/67 MP: 6/6
  2928 | D:5      | Entered Level 5 of the Dungeon
  2939 | D:5      | Found a staircase to the Ecumenical Temple.
  2952 | Temple   | Entered the Ecumenical Temple
  3024 | Temple   | Became a worshipper of Warmaster Okawaru
  3093 | D:5      | Noticed Dowan
  3405 | D:5      | Reached skill level 7 in Unarmed Combat
  3414 | D:5      | Found a glowing drain.
  3418 | Sewer    | Entered a sewer
  3504 | Sewer    | Reached * piety under Okawaru
  3504 | Sewer    | Reached XP level 8. HP: 78/78 MP: 7/7
  4106 | D:5      | Reached skill level 8 in Unarmed Combat
  4157 | D:5      | HP: 2/79 [wight/hand axe of freezing (5)]
  4157 | D:5      | Slain by a wight

Vault maps used:
D:1:      dpeg_arrival_more_subterranean_lakeside_camping
D:2:      grunt_ministairs_10, uniq_robin
D:3:      overflow_temple_1_default
D:4:      kennysheep_mini, first_bread, uniq_grinder, uniq_sigmund
D:5:      gup_sewer_entry_bowl, grunt_ministairs_15, uniq_duvessa
Temple:   dpeg_five_rooms_temple
Sewer:    sewer_co_tree

Skill      XL: |  1  2  3  4  5  6  7  8 |
---------------+-------------------------+-----
Unarmed Combat | 1 2 3 4 5 6 7 8 |  8.0
Fighting       | 2 3 4 |  4.3
Dodging        | 2 3 4 |  4.1
Throwing       | |  3.6
Stealth        | |  0.3

Action                   |  1- 3 |  4- 6 |  7- 9 || total
-------------------------+-------+-------+-------++-------
Melee: Unarmed           |   113 |   143 |   159 ||   415
       Punch             |       |     4 |     3 ||     7
Invok: Heroism           |       |       |     1 ||     1
  Use: Scroll            |       |       |    10 ||    10
 Stab: Sleeping          |     2 |       |     1 ||     3
  Eat: Chunk             |    13 |    19 |    13 ||    45
Armor: Robe              |    43 |    44 |    46 ||   133
Dodge: Dodged            |    54 |    58 |   100 ||   212

Vault maps used:
D:1:      dpeg_arrival_more_subterranean_lakeside_camping
D:2:      grunt_ministairs_10, uniq_robin
D:3:      overflow_temple_1_default
D:4:      kennysheep_mini, first_bread, uniq_grinder, uniq_sigmund
D:5:      gup_sewer_entry_bowl, grunt_ministairs_15, uniq_duvessa
Temple:   dpeg_five_rooms_temple
Sewer:    sewer_co_tree
